Map: Pillars of Gold LE

Players

cure - Winner!

  • Race: Terran Terran
  • Spawn Location: 7:00

SKillous

  • Race: Protoss Protoss
  • League: Master
  • Spawn Location: 1:00

Event: StayAtHome Story Cup #3

VOD

Have the link to the VOD?

Description

Time

  • Played on: March 11, 2021, 7:51 a.m.
  • Length: 17:18

All games in this series

Show
View Real Time Build Order
Export as new Build Order

cure Terran - Winner!

Build Orders: Reaper Expand 

Get SALT Encoding   

  12  0:00  SCV  
  13  0:12  SCV  
  14  0:17  Supply Depot  
  14  0:24  SCV  
  15  0:39  SCV  
  15  0:40  Barracks  
  16  0:45  Refinery  
  16  0:51  SCV  
  17  1:03  SCV  
  18  1:15  SCV  
  19  1:28  Orbital Command, Reaper  
  20  1:43  Command Center  
  20  1:52  Supply Depot  
  20  1:55  SCV  
  20  2:00  Marine  
  22  2:07  SCV  
  23  2:10  Bunker  
  23  2:17  Factory  
  23  2:21  SCV  
  24  2:23  Barracks Reactor  
  24  2:33  SCV  
  24  2:35  Refinery  
  25  2:45  SCV  
  26  2:55  Orbital Command  
  26  2:57  SCV  
  27  3:00  Marine x2  
  27  3:01  Hellion  
  31  3:06  Starport  
  31  3:09  SCV  
  32  3:17  Marine  
  32  3:18  Marine  
  34  3:21  SCV  
  34  3:25  Widow Mine  
  34  3:26  SCV  
  38  3:33  SCV  
  38  3:35  Marine x2  
  38  3:38  SCV  
  41  3:45  Viking  
  41  3:47  Barracks  
  41  3:48  Widow Mine  
  45  3:51  Barracks  
  45  3:52  SCV  
  46  3:57  SCV  
  46  4:08  Supply Depot  
  46  4:15  Factory Tech Lab, Starport Tech Lab  
  46  4:22  Supply Depot  
  46  4:25  Supply Depot  
  46  4:26  Engineering Bay  
  46  4:29  Marine x2  
  46  4:30  SCV x2  
  50  4:40  Refinery  
  50  4:41  Bunker  
  50  4:43  Starport Reactor  
  50  4:45  Factory Reactor  
  50  4:46  SCV x2  
  50  4:47  Stimpack  
  50  4:49  Marauder  
  50  4:50  Marauder, Marine  
  57  4:58  SCV  
  57  4:59  SCV  
  59  5:04  Terran Infantry Weapons Level 1  
  59  5:07  Supply Depot  
  59  5:12  Marauder x2, Marine x2  
  59  5:13  Combat Shield  
  65  5:15  SCV  
  65  5:17  SCV  
  65  5:23  Refinery  
  65  5:27  SCV  
  64  5:29  SCV  
  64  5:30  Missile Turret  
  64  5:32  Missile Turret  
  64  5:35  Medivac  
  67  5:37  Medivac  
  67  5:40  Supply Depot  
  67  5:41  SCV x2  
  71  5:49  Marauder x2, Marine  
  75  5:50  Marine  
  75  5:56  Supply Depot  
  77  5:58  Widow Mine  
  77  6:02  Widow Mine, SCV  
  77  6:03  SCV  
  82  6:07  Supply Depot  
  82  6:12  Marauder x2  
  82  6:17  Marine x2  
  88  6:22  SCV  
  88  6:23  Supply Depot x2  
  88  6:24  SCV  
  88  6:29  Concussive Shells  
  88  6:34  SCV  
  88  6:36  Marauder x2  
  88  6:37  SCV, Marine x2  
  88  6:39  Medivac  
  98  6:40  Medivac  
  98  6:43  Widow Mine  
  98  6:44  Widow Mine  
  104  6:47  SCV  
  104  6:49  SCV  
  104  6:50  Supply Depot  
  104  6:52  Supply Depot  
  106  6:58  Marauder x2, Marine  
  106  7:00  Marine  
  112  7:03  Terran Infantry Armor Level 1  
  112  7:08  Widow Mine x2  
  115  7:17  Marine  
  115  7:18  Marine, Medivac  
  115  7:19  Marauder  
  115  7:20  Marauder  
  123  7:23  Supply Depot  
  123  7:24  Supply Depot  
  123  7:29  Medivac  
  125  7:34  Widow Mine  
  125  7:35  Marine x2  
  129  7:42  Marauder x2  
  127  7:52  Widow Mine  
  127  7:53  Marine x2  
  127  7:55  Widow Mine  
  127  8:00  Command Center  
  127  8:03  Marauder x2  
  125  8:11  Marine x2  
  116  8:14  Widow Mine  
  116  8:15  Medivac  
  116  8:17  Widow Mine  
  112  8:24  Marauder  
  112  8:25  Marauder  
  118  8:29  Marine x2  
  118  8:33  Barracks  
  118  8:34  Barracks  
  118  8:35  Widow Mine  
  117  8:42  Widow Mine  
  117  8:46  Marauder x2, Marine  
  117  8:47  Marine, Medivac  
  109  9:04  Marine x2  
  109  9:05  Widow Mine x2  
  109  9:07  SCV x2, Marauder x2  
  117  9:24  Barracks Reactor  
  117  9:25  Barracks Tech Lab, Missile Turret  
  117  9:26  Marine  
  117  9:27  Widow Mine x2, Marine  
  117  9:29  Marauder x2  
  123  9:32  SCV x2  
  109  9:45  Marauder, Marine x2  
  106  9:46  SCV x2  
  106  9:50  Orbital Command, Marauder  
  110  9:59  Marauder  
  112  10:00  Marine  
  112  10:01  Marine  
  112  10:06  Marauder  
  117  10:07  Widow Mine x2  
  117  10:11  SCV x2, Marauder  
  123  10:15  Armory, Engineering Bay  
  123  10:25  Marine x2  
  123  10:26  Marauder  
  123  10:28  Marauder  
  129  10:33  Marauder  
  129  10:34  Widow Mine x2, Medivac  
  118  10:38  Marine x2  
  118  10:42  Medivac  
  112  10:47  Marauder  
  112  10:54  Marauder x2, Marine x2  
  112  10:55  SCV  
  112  10:56  Marine x2  
  119  10:57  SCV  
  119  10:58  SCV  
  121  11:05  Terran Infantry Weapons Level 2  
  121  11:07  Terran Infantry Armor Level 2  
  121  11:08  Marauder  
  108  11:21  Marauder x2, Marine x4  
  108  11:24  Widow Mine x2  
  119  11:26  Medivac  
  119  11:30  Marauder  
  123  11:38  Marine x2  
  114  11:40  Marine x2  
  114  11:42  Marauder x2  
  108  11:47  Medivac  
  108  11:51  Marauder  
  103  11:56  Marine, Medivac  
  103  11:59  Marine x2  
  103  12:00  Widow Mine x2  
  106  12:04  Marauder x2, Marine  
  111  12:12  SCV  
  111  12:13  SCV x2, Marauder  
  111  12:14  Marine, Ghost Academy  
  117  12:16  Refinery x2  
  117  12:17  Marine x2  
  119  12:25  Marauder x2  
  119  12:26  Marine  
  120  12:32  Marine  
  120  12:33  Widow Mine x2, Medivac  
  120  12:34  Marauder, Marine x2  
  110  12:44  Marine  
  110  12:46  Marauder x2  
  110  12:48  Medivac  
  110  12:50  Marine  
  116  12:52  Marine x2  
  116  12:55  Marine  
  119  13:02  Marine  
  119  13:03  Medivac  
  113  13:07  Marine x2  
  113  13:08  Marauder  
  113  13:10  Marine x2  
  113  13:12  Widow Mine x2  
  123  13:13  Marauder  
  123  13:19  Marine  
  121  13:22  Medivac  
  121  13:25  Marine  
  121  13:26  Marauder  
  127  13:28  Marine x2  
  127  13:29  Marauder  
  127  13:33  Medivac  
  133  13:34  Terran Infantry Weapons Level 3  
  133  13:35  Marauder  
  133  13:37  Marine  
  133  13:40  Terran Infantry Armor Level 3  
  136  13:43  Marine  
  136  13:45  Widow Mine x2  
  136  13:46  Marine x2  
  136  13:47  Marauder  
  145  13:50  Marauder  
  147  13:58  Medivac  
  147  14:01  Marauder, Marine  
  151  14:03  Marine, Medivac  
  151  14:06  Widow Mine  
  151  14:07  Widow Mine  
  151  14:08  Marauder  
  151  14:09  Orbital Command  
  158  14:12  Marauder  
  158  14:13  Marine x2  
  162  14:18  Marine  
  162  14:21  Marine  
  164  14:26  Supply Depot  
  164  14:27  Supply Depot  
  164  14:33  Marauder, Marine x3  
  164  14:34  Marauder  
  164  14:36  Marine  
  150  14:40  Marine  
  143  14:49  Widow Mine x2, Medivac  
  143  14:51  Marine x2  
  143  14:52  Marauder  
  151  14:54  Marauder, Marine  
  151  14:55  Marauder  
Show
View Real Time Build Order
Export as new Build Order

SKillous Protoss 

Build Orders: 1 Gate Expand, Oracle Opening, Phoenix Opening, Zealot Archon 

Get SALT Encoding   

  12  0:00  Probe  
  13  0:12  Probe  
  14  0:18  Pylon  
  14  0:24  Probe (Chrono Boost)  
  15  0:37  Probe (Chrono Boost)  
  15  0:38  Gateway  
  16  0:45  Probe (Chrono Boost)  
  16  0:47  Assimilator  
  17  0:51  Probe  
  18  1:03  Probe  
  19  1:15  Probe  
  20  1:24  Nexus  
  20  1:34  Cybernetics Core  
  20  1:37  Probe  
  21  1:43  Assimilator  
  21  1:49  Probe  
  21  1:54  Pylon  
  22  2:01  Probe  
  23  2:09  Adept (Chrono Boost)  
  25  2:17  Stargate  
  25  2:19  Probe  
  26  2:24  Warp Gate  
  26  2:31  Probe  
  26  2:36  Stalker (Chrono Boost)  
  29  2:40  Probe  
  29  2:43  Probe  
  31  2:52  Probe, Shield Battery  
  31  2:55  Probe  
  33  3:00  Oracle (Chrono Boost)  
  36  3:06  Probe  
  36  3:09  Probe  
  38  3:18  Probe  
  39  3:21  Probe  
  40  3:30  Probe, Pylon  
  41  3:35  Probe  
  41  3:39  Phoenix  
  44  3:42  Probe  
  44  3:47  Probe  
  46  3:50  Gateway  
  46  3:54  Probe  
  47  4:00  Probe  
  48  4:06  Probe  
  48  4:07  Phoenix (Chrono Boost)  
  48  4:14  Nexus  
  48  4:16  Probe  
  49  4:19  Pylon  
  49  4:26  Probe  
  49  4:28  Probe  
  49  4:29  Phoenix (Chrono Boost)  
  53  4:35  Twilight Council  
  53  4:38  Probe  
  53  4:42  Forge  
  53  4:45  Assimilator x2  
  54  4:46  Probe  
  54  4:50  Phoenix (Chrono Boost)  
  57  4:53  Probe  
  58  5:00  Probe  
  58  5:01  Pylon  
  58  5:06  Phoenix (Chrono Boost)  
  59  5:10  Stalker  
  59  5:12  Charge (Chrono Boost)  
  62  5:19  Probe x2  
  63  5:28  Probe, Protoss Ground Armor Level 1 (Chrono Boost)  
  63  5:31  Probe x2  
  65  5:38  Gateway  
  65  5:40  Gateway  
  65  5:42  Gateway  
  65  5:45  Gateway  
  65  5:52  Probe  
  65  5:53  Probe, Templar Archives  
  65  5:55  Probe  
  68  6:00  Phoenix  
  70  6:05  Probe, Shield Battery  
  70  6:09  Gateway  
  70  6:11  Probe  
  72  6:12  Probe  
  72  6:13  Sentry  
  72  6:15  Zealot  
  77  6:23  Probe x2  
  79  6:35  Gateway  
  79  6:36  Pylon  
  79  6:38  High Templar x2, Zealot  
  85  6:41  Pylon  
  85  6:42  Pylon  
  85  6:44  Pylon  
  85  6:47  Pylon  
  85  6:50  Archon  
  85  6:51  Pylon  
  85  6:56  Probe x2  
  85  6:58  Zealot x3  
  85  6:59  Zealot  
  95  7:01  Protoss Ground Weapons Level 1 (Chrono Boost)  
  95  7:02  Gateway  
  95  7:09  Robotics Facility  
  95  7:14  Shield Battery  
  95  7:17  Zealot x2  
  95  7:18  Zealot x2  
  95  7:19  Probe  
  104  7:25  High Templar x2  
  104  7:26  Probe x2  
  104  7:29  Pylon  
  110  7:30  Archon  
  110  7:32  Probe  
  111  7:43  Pylon  
  111  7:51  Zealot x6  
  105  8:01  Zealot x3  
  99  8:14  Zealot x6  
  99  8:17  Immortal (Chrono Boost)  
  99  8:26  High Templar x2  
  107  8:29  Zealot  
  107  8:30  Archon  
  107  8:33  Pylon  
  109  8:37  Probe x2  
  109  8:38  Pylon  
  109  8:43  Zealot x6  
  106  8:58  High Templar x3, Nexus  
  106  9:02  Protoss Ground Armor Level 2 (Chrono Boost)  
  106  9:03  Archon  
  106  9:04  High Templar  
  106  9:06  Zealot x2  
  106  9:09  Archon  
  106  9:14  Zealot  
  108  9:22  Zealot x2  
  110  9:37  Zealot x4  
  95  9:41  Zealot  
  95  9:44  Sentry x3  
  99  9:48  Zealot  
  99  9:52  Probe x2  
  103  9:57  Assimilator  
  103  10:02  Assimilator  
  103  10:07  Probe x2  
  105  10:10  High Templar x2  
  105  10:12  Zealot x2  
  113  10:14  Archon  
  113  10:23  Zealot x3  
  113  10:24  Zealot  
  119  10:34  Zealot x3  
  97  10:46  Zealot x6  
  105  10:54  Zealot  
  99  10:59  Assimilator, Robotics Bay  
  99  11:03  Zealot x2  
  103  11:06  Photon Cannon  
  103  11:09  Pylon  
  97  11:12  Zealot  
  97  11:13  Zealot x2  
  93  11:21  Zealot x2  
  93  11:22  Zealot x2  
  93  11:25  High Templar x2  
  101  11:31  Archon  
  91  11:40  Zealot x3  
  91  11:45  Zealot x3  
  91  11:46  Zealot  
  87  11:53  Protoss Ground Weapons Level 2 (Chrono Boost)  
  81  11:57  Colossus (Chrono Boost)  
  87  12:04  Assimilator  
  87  12:06  High Templar x4  
  87  12:08  Zealot, Sentry  
  95  12:11  Archon x2  
  97  12:20  Zealot x3  
  89  12:34  Zealot  
  89  12:35  Zealot  
  93  12:39  Zealot x4  
  85  12:44  Observer (Chrono Boost)  
  85  12:47  High Templar  
  85  12:48  High Templar, Sentry  
  86  12:52  Archon  
  86  12:53  Photon Cannon  
  86  12:57  Stalker x2  
  90  13:03  Stalker x2  
  90  13:05  Sentry  
  86  13:10  Zealot  
  86  13:11  Zealot  
  90  13:21  Nexus  
  90  13:26  Pylon  
  90  13:27  High Templar x2  
  90  13:30  Zealot  
  90  13:31  Archon  
  94  13:36  Colossus (Chrono Boost)  
  98  13:45  Zealot, Sentry  
  102  13:49  Observer  
  102  13:51  Zealot  
  102  13:53  Zealot  
  106  14:02  Stalker x2  
  110  14:14  Shield Battery  
  110  14:15  Probe x3  
  113  14:18  Protoss Ground Weapons Level 3 (Chrono Boost)  
  113  14:22  Disruptor (Chrono Boost)  
  113  14:27  Probe x2  
  118  14:35  Zealot x2  
  106  14:38  Zealot  
  96  14:49  Zealot x3  
Tags
 
Add a new tag
Caveats
  • Supply blocks, unpowered buildings, or Contaminate may cause inaccurate times.
  • Supply counts are checked every 10 seconds.